2793 views
Uploaded 2019-12-26 21:12:22
Game version 1.32.0.4
29:41 long 1on1 ladder game on (2)EchoIsles
Saved by BEARAND
2793 views
Uploaded 2019-12-26 21:12:22
Game version 1.32.0.4
29:41 long 1on1 ladder game on (2)EchoIsles

20 units @ 1.6k
/ 0k
111 buildings @ 4.7k
/ 2.6k



x1)
| Orb of Fire | 2 | 650 |
| Staff of Sanctuary | 3 | 750 |
| Boots of Speed | 3 | 750 |
| Staff of Teleportation | 3 | 450 |
| Tome of Retraining | 1 | 300 |
| total: | 12 | 2900g |
| Peasant | 18 | 1350 | / | 0 |
| Priest | 1 | 135 | / | 10 |
| Sorceress | 1 | 155 | / | 20 |
| total: | 20 | 1640g | / | 30w |
| Scout Tower | 98 | 2940 | / | 1960 |
| Arcane Tower | 8 | 560 | / | 400 |
| Guard Tower | 45 | 3150 | / | 2250 |
| Altar of Kings | 2 | 360 | / | 100 |
| Farm | 6 | 480 | / | 120 |
| Lumber Mill | 1 | 120 | / | 0 |
| Town Hall | 1 | 385 | / | 205 |
| Arcane Vault | 2 | 260 | / | 60 |
| Arcane Sanctum | 1 | 150 | / | 140 |
| Keep | 1 | 320 | / | 210 |
| Castle | 1 | 360 | / | 210 |
| total: | 111 | 4695g | / | 2585w |
| 0:01 | Peasant |
| 0:01 | Peasant |
| 0:06 | Altar of Kings |
| 0:14 | Altar of Kings |
| 0:18 | Farm |
| 0:20 | Peasant |
| 0:26 | Peasant |
| 0:32 | Peasant |
| 0:41 | Farm |
| 0:46 | Peasant |
| 0:50 | Peasant |
| 0:52 | Scout Tower |
| 1:09 | Lumber Mill |
| 1:12 | Peasant |
| 1:17 | Peasant |
| 1:36 | Peasant |
| 1:54 | Arcane Tower |
| 1:56 | Scout Tower |
| 1:59 | Peasant |
| 2:12 | Summon Water Elemental |
| 2:34 | Peasant |
| 2:35 | Guard Tower |
| 2:48 | Peasant |
| 3:01 | Scout Tower |
| 3:02 | Scout Tower |
| 3:02 | Scout Tower |
| 3:14 | Peasant |
| 3:41 | Guard Tower |
| 3:43 | Scout Tower |
| 4:04 | Scout Tower |
| 4:05 | Scout Tower |
| 4:06 | Keep |
| 4:08 | Improved Masonry |
| 4:14 | Brilliance Aura |
| 4:21 | Boots of Speed |
| 4:21 | Staff of Teleportation |
| 4:29 | Scout Tower |
| 4:30 | Scout Tower |
| 4:31 | Guard Tower |
| 5:02 | Farm |
| 5:02 | Farm |
| 5:04 | Guard Tower |
| 5:05 | Guard Tower |
| 6:00 | Town Hall |
| 6:03 | Scout Tower |
| 6:04 | Scout Tower |
| 6:04 | Scout Tower |
| 6:05 | Scout Tower |
| 6:05 | Scout Tower |
| 6:05 | Scout Tower |
| 6:06 | Scout Tower |
| 6:07 | Scout Tower |
| 6:07 | Scout Tower |
| 6:08 | Scout Tower |
| 6:32 | Guard Tower |
| 6:41 | Guard Tower |
| 6:42 | Scout Tower |
| 6:50 | Arcane Tower |
| 7:01 | Guard Tower |
| 7:22 | Farm |
| 7:40 | Guard Tower |
| 7:47 | Peasant |
| 7:47 | Peasant |
| 7:47 | Peasant |
| 7:51 | Peasant |
| 8:02 | Guard Tower |
| 8:14 | Improved Lumber Harvesting |
| 8:14 | Advanced Masonry |
| 8:22 | Summon Water Elemental |
| 8:28 | Guard Tower |
| 8:36 | Storm Bolt |
| 8:37 | Guard Tower |
| 8:40 | Scout Tower |
| 8:40 | Scout Tower |
| 9:08 | Boots of Speed |
| 9:08 | Staff of Teleportation |
| 9:12 | Castle |
| 9:33 | Farm |
| 10:08 | Guard Tower |
| 10:33 | Scout Tower |
| 10:34 | Scout Tower |
| 10:35 | Scout Tower |
| 10:37 | Arcane Vault |
| 10:40 | Arcane Vault |
| 10:41 | Arcane Sanctum |
| 11:09 | Scout Tower |
| 11:09 | Scout Tower |
| 11:21 | Bash |
| 11:37 | Guard Tower |
| 11:41 | Guard Tower |
| 11:47 | Scout Tower |
| 11:48 | Scout Tower |
| 11:49 | Scout Tower |
| 11:50 | Scout Tower |
| 11:51 | Scout Tower |
| 11:52 | Scout Tower |
| 12:09 | Guard Tower |
| 12:12 | Imbued Masonry |
| 12:12 | Advanced Lumber Harvesting |
| 12:21 | Magic Sentry |
| 12:22 | Priest |
| 12:29 | Scout Tower |
| 12:30 | Scout Tower |
| 12:37 | Holy Light |
| 12:41 | Priest Adept Training |
| 12:42 | Orb of Fire |
| 12:42 | Staff of Sanctuary |
| 12:51 | Guard Tower |
| 13:32 | Guard Tower |
| 13:34 | Scout Tower |
| 13:35 | Scout Tower |
| 13:35 | Scout Tower |
| 14:12 | Orb of Fire |
| 14:12 | Staff of Sanctuary |
| 15:03 | Storm Bolt |
| 15:28 | Guard Tower |
| 15:30 | Scout Tower |
| 15:31 | Scout Tower |
| 15:31 | Scout Tower |
| 15:32 | Scout Tower |
| 15:32 | Scout Tower |
| 15:33 | Scout Tower |
| 15:33 | Scout Tower |
| 15:34 | Scout Tower |
| 15:36 | Guard Tower |
| 15:38 | Scout Tower |
| 15:39 | Scout Tower |
| 15:39 | Scout Tower |
| 15:40 | Scout Tower |
| 15:40 | Scout Tower |
| 15:41 | Scout Tower |
| 15:41 | Scout Tower |
| 16:11 | Guard Tower |
| 16:17 | Staff of Sanctuary |
| 16:22 | Sorceress |
| 16:22 | Sorceress Adept Training |
| 16:32 | Guard Tower |
| 16:49 | Brilliance Aura |
| 17:03 | Guard Tower |
| 17:05 | Scout Tower |
| 17:06 | Scout Tower |
| 17:06 | Scout Tower |
| 17:07 | Scout Tower |
| 17:08 | Scout Tower |
| 17:09 | Scout Tower |
| 17:09 | Scout Tower |
| 17:10 | Scout Tower |
| 17:11 | Scout Tower |
| 17:11 | Scout Tower |
| 17:12 | Scout Tower |
| 17:12 | Scout Tower |
| 17:34 | Staff of Teleportation |
| 17:34 | Boots of Speed |
| 18:07 | Divine Shield |
| 18:20 | Guard Tower |
| 18:33 | Arcane Tower |
| 18:33 | Guard Tower |
| 18:36 | Arcane Tower |
| 18:56 | Tome of Retraining |
| 18:56 | Retrain Hero |
| 18:57 | Blizzard |
| 18:57 | Brilliance Aura |
| 18:58 | Blizzard |
| 18:58 | Brilliance Aura |
| 19:05 | Guard Tower |
| 19:15 | Guard Tower |
| 20:20 | Arcane Tower |
| 21:26 | Scout Tower |
| 21:42 | Guard Tower |
| 21:42 | Guard Tower |
| 21:59 | Arcane Tower |
| 22:23 | Arcane Tower |
| 22:25 | Scout Tower |
| 22:26 | Scout Tower |
| 22:26 | Scout Tower |
| 22:27 | Scout Tower |
| 22:28 | Scout Tower |
| 22:29 | Scout Tower |
| 22:30 | Scout Tower |
| 22:30 | Scout Tower |
| 22:31 | Scout Tower |
| 22:31 | Scout Tower |
| 22:32 | Scout Tower |
| 22:33 | Scout Tower |
| 22:49 | Guard Tower |
| 22:53 | Guard Tower |
| 24:02 | Guard Tower |
| 24:22 | Guard Tower |
| 24:59 | Guard Tower |
| 25:08 | Scout Tower |
| 25:08 | Scout Tower |
| 25:09 | Scout Tower |
| 25:09 | Scout Tower |
| 25:11 | Scout Tower |
| 25:11 | Scout Tower |
| 25:12 | Scout Tower |
| 25:12 | Scout Tower |
| 25:12 | Scout Tower |
| 25:18 | Scout Tower |
| 25:18 | Scout Tower |
| 25:19 | Scout Tower |
| 25:50 | Guard Tower |
| 26:11 | Guard Tower |
| 26:14 | Guard Tower |
| 26:15 | Scout Tower |
| 26:16 | Scout Tower |
| 26:16 | Scout Tower |
| 26:30 | Guard Tower |
| 27:16 | Guard Tower |
| 28:15 | Holy Light |
| 28:17 | Arcane Tower |
| 28:19 | Scout Tower |
| 28:19 | Scout Tower |
| 28:20 | Scout Tower |
| 28:20 | Scout Tower |
| 28:26 | Bash |
| 28:52 | Guard Tower |
| Right click | 2663 |
| Select | 728 |
| Select group | 465 |
| Build/train/purchase | 209 |
| Use ability | 100 |
| Assign group | 40 |
| Chat | 40 |
| Misc. action | 19 |
| Item give/drop | 3 |
39 units @ 6.2k
/ 1k
28 buildings @ 4.2k
/ 2.2k


| Healing Salve | 2 | 200 |
| Lesser Clarity Potion | 3 | 210 |
| Scroll of Speed | 1 | 50 |
| Scroll of Town Portal | 1 | 350 |
| Boots of Speed | 1 | 250 |
| Claws of Attack +6 | 2 | 250 |
| Claws of Attack +9 | 1 | 300 |
| total: | 11 | 1610g |
| Peon | 15 | 1125 | / | 0 |
| Grunt | 5 | 1000 | / | 0 |
| Spirit Walker | 1 | 195 | / | 35 |
| Tauren | 7 | 1960 | / | 560 |
| Troll Witch Doctor | 6 | 870 | / | 150 |
| Demolisher | 5 | 1100 | / | 250 |
| total: | 39 | 6250g | / | 995w |
| Watch Tower | 9 | 990 | / | 720 |
| Altar of Storms | 1 | 180 | / | 50 |
| Orc Burrow | 9 | 1440 | / | 360 |
| Barracks | 1 | 180 | / | 50 |
| Voodoo Lounge | 1 | 130 | / | 30 |
| War Mill | 1 | 205 | / | 0 |
| Great Hall | 1 | 385 | / | 185 |
| Spirit Lodge | 3 | 450 | / | 450 |
| Tauren Totem | 2 | 270 | / | 310 |
| Stronghold | 1 | 315 | / | 190 |
| Fortress | 1 | 325 | / | 190 |
| total: | 28 | 4230g | / | 2155w |
| 0:03 | Peon |
| 0:05 | Altar of Storms |
| 0:17 | Orc Burrow |
| 0:19 | Peon |
| 0:39 | Barracks |
| 0:51 | Peon |
| 0:58 | Peon |
| 1:16 | Peon |
| 1:36 | Orc Burrow |
| 1:40 | Peon |
| 1:42 | Grunt |
| 1:50 | Peon |
| 2:08 | Voodoo Lounge |
| 2:22 | Orc Burrow |
| 2:28 | Wind Walk |
| 3:00 | Stronghold |
| 3:09 | War Mill |
| 3:18 | Grunt |
| 3:49 | Grunt |
| 4:19 | Claws of Attack +6 |
| 4:31 | Grunt |
| 4:40 | Orc Burrow |
| 4:47 | Boots of Speed |
| 5:01 | Steel Armor |
| 5:11 | Healing Salve |
| 5:11 | Healing Salve |
| 5:15 | Lesser Clarity Potion |
| 5:22 | Lesser Clarity Potion |
| 6:02 | Scroll of Speed |
| 6:24 | Critical Strike |
| 6:42 | Spirit Lodge |
| 6:45 | Tauren Totem |
| 7:14 | War Stomp |
| 7:35 | Wind Walk |
| 7:48 | Watch Tower |
| 7:49 | Watch Tower |
| 7:55 | Fortress |
| 8:07 | Berserker Strength |
| 8:08 | Steel Melee Weapons |
| 8:21 | Tauren Totem |
| 8:57 | Spirit Lodge |
| 9:28 | Spirit Lodge |
| 9:31 | Watch Tower |
| 9:37 | Watch Tower |
| 9:41 | Spirit Walker |
| 9:51 | Lesser Clarity Potion |
| 10:44 | Peon |
| 10:45 | Peon |
| 10:54 | Endurance Aura |
| 11:03 | Claws of Attack +9 |
| 11:15 | Claws of Attack +6 |
| 11:29 | Orc Burrow |
| 11:48 | Witch Doctor Adept Training |
| 12:07 | Great Hall |
| 12:24 | Tauren |
| 12:31 | Peon |
| 12:31 | Peon |
| 13:31 | Witch Doctor Master Training |
| 13:32 | Troll Witch Doctor |
| 13:33 | Troll Witch Doctor |
| 13:37 | Orc Burrow |
| 14:05 | Grunt |
| 14:11 | Pillage |
| 14:33 | Orc Burrow |
| 15:00 | Tauren |
| 15:08 | Demolisher |
| 15:15 | Demolisher |
| 15:19 | Demolisher |
| 16:19 | Peon |
| 16:20 | Peon |
| 16:20 | Peon |
| 16:20 | Peon |
| 16:26 | Orc Burrow |
| 16:28 | Tauren |
| 16:29 | Tauren |
| 16:35 | Pulverize |
| 17:06 | Troll Witch Doctor |
| 17:26 | Orc Burrow |
| 17:39 | Burning Oil |
| 18:39 | Demolisher |
| 18:42 | Steel Ranged Weapons |
| 18:54 | Spirit Walker Adept Training |
| 18:57 | Tauren |
| 19:29 | Scroll of Town Portal |
| 21:45 | Troll Witch Doctor |
| 21:45 | Troll Witch Doctor |
| 21:45 | Troll Witch Doctor |
| 22:04 | Thorium Ranged Weapons |
| 22:33 | Demolisher |
| 24:12 | Critical Strike |
| 25:05 | Tauren |
| 25:06 | Tauren |
| 25:40 | Arcanite Ranged Weapons |
| 29:00 | Watch Tower |
| 29:00 | Watch Tower |
| 29:01 | Watch Tower |
| 29:03 | Watch Tower |
| 29:04 | Watch Tower |
| Right click | 994 |
| Select | 404 |
| Select group | 289 |
| Build/train/purchase | 107 |
| Chat | 107 |
| Misc. action | 44 |
| Assign group | 43 |
| Use ability | 20 |
| Item give/drop | 5 |
| Esc | 4 |
| Remove unit | 1 |